AoeStats
← dashuaibi

Nomad

508192886Analyzed
3v3 RM · 11d ago on Sep 21, 2026· 46m 49s· 6 players
Game mode
Random Map
Map size
210×210
Population
200
Speed
Normal
Resources
Standard
Victory
Conquest
Starting age
Dark Age
Ending age
Imperial Age
RankedLock teamsTeams togetherTeam positionsShared explorationLock speedFull tech treeHidden civsTurbo modeCheats
Victory
Defeat
🇫🇮 Italians · Finland
1385
+13
🇬🇧 Berbers · United Kingdom
1384
+13
🇦🇺 Persians · Australia
1311
+15
🇨🇳 Spanish · China
1340
-15
🇲🇦 Wei · Morocco
1318
-14
🇻🇳 Saracens · Vietnam
1279
-12
dashuaibi
5:21 Loom
15:40 Feudal Age
19:55 Castle Age
18:51 Forging
18:30 Double-Bit Axe
20:56 Medium Warships
21:30 Iron Casting
23:25 Bow Saw
25:13 Fishing Lines
26:21 Gillnets
27:36 Padded Archer Armor
27:42 Scale Barding Armor
29:29 Horse Collar
31:04 Leather Archer Armor
32:39 Wheelbarrow
35:13 Imperial Age
32:46 Stone Mining
36:14 Hand Cart
35:44 Town Watch
37:45 Two-Man Saw
39:20 Town Watch
45:46 Chemistry
45:09 Ballistics
45:49 Chemistry
44:33 Elite Skirmisher
45:19 Fletching
46:00 Ring Archer Armor
anitiger9486
6:23 Loom
14:23 Feudal Age
19:24 Castle Age
18:46 Fletching
20:26 Double-Bit Axe
20:32 Gold Mining
20:35 Stone Mining
24:06 Bow Saw
26:30 Padded Archer Armor
26:57 Gold Mining
30:33 Wheelbarrow
31:09 Bodkin Arrow
31:31 Elite Skirmisher
32:44 Leather Archer Armor
38:40 Imperial Age
37:54 Ballistics
touch grass
7:49 Loom
15:08 Feudal Age
15:28 Fishing Lines
19:49 Double-Bit Axe
22:16 Castle Age
21:58 Stone Mining
22:24 Stone Mining
23:08 Town Watch
24:47 Bow Saw
26:49 Scale Barding Armor
26:52 Gold Mining
28:02 Wheelbarrow
28:43 Bloodlines
28:34 Husbandry
28:54 Horse Collar
34:14 Chain Barding Armor
37:30 Hand Cart
37:54 Forging
37:47 Heavy Plow
38:06 Tuntian
41:41 Imperial Age
41:42 Iron Casting
42:09 Elite Tiger Cavalry
43:27 Conscription
44:49 Ming Guang Armor
44:54 Ming Guang Armor
45:53 Blast Furnace
Mizii
8:38 Loom
14:55 Feudal Age
16:04 Double-Bit Axe
18:36 Castle Age
16:50 Fletching
17:33 Padded Archer Armor
17:33 Fishing Lines
19:08 Gillnets
19:42 Bow Saw
19:50 Bodkin Arrow
22:35 Wheelbarrow
23:10 Ballistics
23:27 Leather Archer Armor
29:18 Imperial Age
28:43 Hand Cart
28:50 Gold Mining
31:02 Chemistry
30:08 Bracer
30:37 Horse Collar
35:57 Ring Archer Armor
35:25 Elite Genoese Crossbowman
38:45 Thumb Ring
39:28 Conscription
39:52 Town Watch
40:58 Stone Mining
47:02 Coinage
47:24 Stone Shaft Mining
46:53 Town Patrol
48:00 Two-Man Saw
smithy10w
2:59 Loom
14:37 Feudal Age
20:48 Wheelbarrow
23:11 Double-Bit Axe
24:12 Town Watch
26:53 Castle Age
25:27 Gold Mining
25:28 Stone Mining
26:21 Fletching
26:48 Bloodlines
29:26 Bow Saw
30:15 Bodkin Arrow
32:23 Ballistics
33:19 Padded Archer Armor
33:25 Husbandry
35:27 Gold Shaft Mining
39:17 Imperial Age
37:08 Treadmill Crane
38:09 Kasbah
38:29 Padded Archer Armor
39:22 Hand Cart
40:22 Bracer
41:23 Scale Barding Armor
41:03 Horse Collar
41:00 Heavy Camel Rider
43:26 Conscription
43:26 Maghrebi Camels
Tonaay
13:51 Feudal Age
12:07 Loom
14:15 Double-Bit Axe
14:28 Fishing Lines
17:34 Fletching
21:12 Horse Collar
24:56 Castle Age
26:18 Bow Saw
27:48 Crossbowman
31:29 Wheelbarrow
30:39 Town Watch
31:41 Kamandaran
34:09 Padded Archer Armor
33:57 Town Watch
37:07 Ballistics
37:23 Thumb Ring
37:05 Pikeman
37:46 Squires
37:31 Arson
44:25 Bodkin Arrow
44:45 Leather Archer Armor
44:31 Scale Mail Armor
45:12 Squires
45:52 Leather Archer Armor
46:33 Chain Mail Armor
Connection lost

Rejoining the realm…

Still unreachable

The connection could not be restored.

Session expired

The server has moved on; the page needs a fresh start.